PCL
CALGARY COWBOYS @ SPOKANE TRAPPERS
08/18/2026
 
TOP OF THE 1ST
Calgary Cowboys batting - Pitching for Spokane Trappers : RHP José Ortíz
Pitching: RHP José Ortíz
Batting: RHB Luis Peña 0-0: Foul Ball, location: 2F
0-1: Ball
1-1: Ground out 5-3 (Groundball, 5S)
Batting: RHB Jorge Balencia 0-0: Swinging Strike
0-1: Called Strike
0-2: Ground out 5-3 (Groundball, 56S)
Batting: LHB Miguel Pérez 0-0: Ball
1-0: Foul Ball, location: 2F
1-1: Called Strike
1-2: Ground out 3-1 (Groundball, 34)
Top of the 1st over - 0 run(s), 0 hit(s), 0 error(s), 0 left on base; Calgary 0 - Spokane 0
BOTTOM OF THE 1ST
Spokane Trappers batting - Pitching for Calgary Cowboys : LHP Jim Sheppard
Pitching: LHP Jim Sheppard
Batting: RHB Tomás Carranza 0-0: Ball
1-0: Fly out, F3 (Popup, 3SF)
Batting: RHB Keith Kirkpatrick 0-0: Ball
1-0: Ball
2-0: Ball
3-0: Called Strike
3-1: Base on Balls
Batting: RHB Jeremy Carr 0-0: Grounds into double play, 1-4-3 (Groundball, 13)
Bottom of the 1st over - 0 run(s), 0 hit(s), 0 error(s), 0 left on base; Calgary 0 - Spokane 0
TOP OF THE 2ND
Calgary Cowboys batting - Pitching for Spokane Trappers : RHP José Ortíz
Batting: RHB Clark Hodge 0-0: Ball
1-0: Called Strike
1-1: Ground out 5-3 (Groundball, 5L)
Batting: RHB Ramón Martínez 0-0: Called Strike
0-1: Foul Ball, location: 2F
0-2: Foul Ball, location: 2F
0-2: Ball
1-2: Strikes out swinging
Batting: RHB Dan Wyatt 0-0: Called Strike
0-1: Ball
1-1: Fly out, F7 (Flyball, 7S)
Top of the 2nd over - 0 run(s), 0 hit(s), 0 error(s), 0 left on base; Calgary 0 - Spokane 0
BOTTOM OF THE 2ND
Spokane Trappers batting - Pitching for Calgary Cowboys : LHP Jim Sheppard
Batting: SHB Glenn Vadnais 0-0: Foul Ball, location: 2F
0-1: Foul Ball, location: 2F
0-2: Foul Ball, location: 2F
0-2: Ball
1-2: Strikes out looking
Batting: LHB Héctor Rentería 0-0: Called Strike
0-1: Called Strike
0-2: Strikes out swinging
Batting: SHB Nick Cox 0-0: Foul Ball, location: 2F
0-1: Ball
1-1: Ball
2-1: SINGLE (Groundball, 56D)
Batting: RHB Ramiro Ross 0-0: Foul Ball, location: 2F
0-1: Called Strike
0-2: Ball
1-2: Strikes out swinging
Bottom of the 2nd over - 0 run(s), 1 hit(s), 0 error(s), 1 left on base; Calgary 0 - Spokane 0
TOP OF THE 3RD
Calgary Cowboys batting - Pitching for Spokane Trappers : RHP José Ortíz
Batting: RHB Jesús Hernández 0-0: Ball
1-0: Bunt for hit - play at first, batter OUT! 5-3
Batting: LHB Freddy Herrera 0-0: Ball
1-0: Called Strike
1-1: Ball
2-1: Ball
3-1: Fly out, F2 (Popup, 2LF)
Batting: RHB Mario Sánchez 0-0: Called Strike
0-1: Ball
1-1: DOUBLE (Line Drive, 4MD)
Batting: RHB Luis Peña 0-0: Reached on error, E6 (Groundball, 6)
Mario Sánchez to third
Batting: RHB Jorge Balencia 0-0: Ground out 5-3 (Groundball, 5)
Top of the 3rd over - 0 run(s), 1 hit(s), 1 error(s), 2 left on base; Calgary 0 - Spokane 0
BOTTOM OF THE 3RD
Spokane Trappers batting - Pitching for Calgary Cowboys : LHP Jim Sheppard
Batting: RHB Clyde Kelley 0-0: Ball
1-0: Ball
2-0: Called Strike
2-1: Reached on error, E5 (Groundball, 56)
Batting: RHB Pedro Rodríguez 0-0: Ball
1-0: SINGLE (Line Drive, 7S)
Clyde Kelley to third
Batting: RHB Tomás Carranza 0-0: Called Strike
0-1: Ball
1-1: Foul Ball, location: 2F
1-2: Ball
2-2: Foul Ball, location: 2F
2-2: SINGLE (Groundball, 6MD)
Clyde Kelley scores
Pedro Rodríguez to second
Batting: RHB Keith Kirkpatrick 0-0: Ball
1-0: Called Strike
1-1: Ball
2-1: Fly out, F8 (Flyball, 89D)
Runner from 2nd tags up, SAFE at 3rd, no throw
Batting: RHB Jeremy Carr 0-0: Called Strike
Tomás Carranza steals 2nd base
0-1: Ground out 6-3 (Groundball, 56)
Pedro Rodríguez scores
Batting: SHB Glenn Vadnais 0-0: Swinging Strike
0-1: Ground out 5-3 (Groundball, 56S)
Bottom of the 3rd over - 2 run(s), 2 hit(s), 1 error(s), 1 left on base; Calgary 0 - Spokane 2
TOP OF THE 4TH
Calgary Cowboys batting - Pitching for Spokane Trappers : RHP José Ortíz
Batting: LHB Miguel Pérez 0-0: Ball
1-0: Ball
2-0: DOUBLE (Groundball, 3L)
Batting: RHB Clark Hodge 0-0: Called Strike
0-1: Swinging Strike
0-2: Strikes out swinging
Pitching: LHP Pedro Mata
Batting: RHB Ramón Martínez 0-0: Ball
1-0: Ball
2-0: Ball
3-0: Called Strike
3-1: Ground out 6-3 (Groundball, 6)
Batting: RHB Dan Wyatt 0-0: Foul Ball, location: 2F
0-1: 2-RUN HOME RUN (Flyball, 89XD), Distance : 386 ft
Batting: RHB Jesús Hernández 0-0: Ball
1-0: Ball
2-0: Ball
3-0: Base on Balls
Batting: LHB Freddy Herrera 0-0: Called Strike
0-1: Ball
1-1: Ball
2-1: Ball
3-1: Base on Balls
Jesús Hernández to second
Batting: RHB Mario Sánchez 0-0: Foul Ball, location: 2F
0-1: Ball
1-1: Fly out, F6 (Popup, 6D)
Top of the 4th over - 2 run(s), 2 hit(s), 0 error(s), 2 left on base; Calgary 2 - Spokane 2
BOTTOM OF THE 4TH
Spokane Trappers batting - Pitching for Calgary Cowboys : LHP Jim Sheppard
Batting: LHB Héctor Rentería 0-0: Foul Ball, location: 2F
0-1: Ball
1-1: Foul Ball, location: 2F
1-2: Ground out 6-3 (Groundball, 6M)
Batting: SHB Nick Cox 0-0: Ball
1-0: Called Strike
1-1: Swinging Strike
1-2: Ball
2-2: Ground out 3-1 (Groundball, 34)
Batting: RHB Ramiro Ross 0-0: Ball
1-0: Ball
2-0: Foul Ball, location: 2F
2-1: Foul Ball, location: 2F
2-2: Ground out 1-3 (Groundball, 3S)
Bottom of the 4th over - 0 run(s), 0 hit(s), 0 error(s), 0 left on base; Calgary 2 - Spokane 2
TOP OF THE 5TH
Calgary Cowboys batting - Pitching for Spokane Trappers : LHP Pedro Mata
Batting: RHB Luis Peña 0-0: TRIPLE (Line Drive, 8LD)
Batting: RHB Jorge Balencia 0-0: Ball
1-0: Called Strike
1-1: Ball
2-1: Foul Ball, location: 2F
2-2: Strikes out swinging
Batting: LHB Miguel Pérez 0-0: Ball
1-0: Called Strike
1-1: SINGLE (Line Drive, 89S)
Luis Peña scores
Batting: RHB Clark Hodge 0-0: Ball
1-0: Ball
2-0: Ball
3-0: Base on Balls
Miguel Pérez to second
Batting: RHB Ramón Martínez 0-0: Called Strike
0-1: Swinging Strike
0-2: Strikes out swinging
Batting: RHB Dan Wyatt 0-0: Ball
1-0: Ball
2-0: Foul Ball, location: 2F
2-1: Ball
3-1: Foul Ball, location: 2F
3-2: 3-RUN HOME RUN (Flyball, 9D), Distance : 360 ft
Batting: RHB Jesús Hernández 0-0: Called Strike
0-1: Called Strike
0-2: Strikes out swinging
Top of the 5th over - 4 run(s), 3 hit(s), 0 error(s), 0 left on base; Calgary 6 - Spokane 2
BOTTOM OF THE 5TH
Spokane Trappers batting - Pitching for Calgary Cowboys : LHP Jim Sheppard
Batting: RHB Clyde Kelley 0-0: Ball
1-0: Foul Ball, location: 2F
1-1: Ball
2-1: Ball
3-1: Swinging Strike
3-2: Ground out 5-3 (Groundball, 56S)
Batting: RHB Pedro Rodríguez 0-0: Ball
1-0: Ball
2-0: Ball
3-0: Called Strike
3-1: Base on Balls
Batting: RHB Tomás Carranza 0-0: Ball
1-0: Ball
2-0: Fly out, F8 (Flyball, 8LM)
Batting: RHB Keith Kirkpatrick 0-0: Ball
1-0: Foul Ball, location: 2F
1-1: Foul Ball, location: 2F
1-2: SINGLE (Line Drive, 89S)
Pedro Rodríguez to second
Batting: RHB Jeremy Carr 0-0: Foul Ball, location: 2F
0-1: Ball
1-1: Foul Ball, location: 2F
1-2: Ball
2-2: Strikes out looking
Bottom of the 5th over - 0 run(s), 1 hit(s), 0 error(s), 2 left on base; Calgary 6 - Spokane 2
TOP OF THE 6TH
Calgary Cowboys batting - Pitching for Spokane Trappers : LHP Pedro Mata
Pitching: RHP Dustin Newman
Batting: LHB Freddy Herrera 0-0: SINGLE (Groundball, 4MD)
Batting: RHB Mario Sánchez 0-0: Called Strike
0-1: Swinging Strike
0-2: Foul Ball, location: 2F
0-2: Strikes out swinging
Batting: RHB Luis Peña 0-0: Called Strike
0-1: Foul Ball, location: 2F
0-2: Foul Ball, location: 2F
0-2: Fly out, F7 (Line Drive, 7M)
Batting: RHB Jorge Balencia 0-0: Called Strike
0-1: SINGLE (Line Drive, 6MD)
Freddy Herrera to second
Batting: LHB Miguel Pérez 0-0: Ball
1-0: Ball
2-0: Ball
3-0: Called Strike
3-1: Foul Ball, location: 2F
3-2: Base on Balls
Freddy Herrera to third
Jorge Balencia to second
Batting: RHB Clark Hodge 0-0: Swinging Strike
0-1: Ball
1-1: Swinging Strike
1-2: Ball
2-2: Ball
3-2: SINGLE (Groundball, 6MD)
Freddy Herrera scores
Jorge Balencia to third
Miguel Pérez to second
Jorge Balencia scores
Miguel Pérez to third
Batting: RHB Ramón Martínez 0-0: Fly out, F7 (Flyball, 78M)
Top of the 6th over - 2 run(s), 3 hit(s), 0 error(s), 2 left on base; Calgary 8 - Spokane 2
BOTTOM OF THE 6TH
Spokane Trappers batting - Pitching for Calgary Cowboys : LHP Jim Sheppard
Batting: SHB Glenn Vadnais 0-0: Ball
1-0: Swinging Strike
1-1: Foul Ball, location: 2F
1-2: Ball
2-2: Strikes out looking
Batting: LHB Héctor Rentería 0-0: Swinging Strike
0-1: Ball
1-1: Foul Ball, location: 2F
1-2: Ground out 6-3 (Groundball, 6)
Batting: SHB Nick Cox 0-0: Swinging Strike
0-1: Called Strike
0-2: Ball
1-2: Strikes out swinging
Bottom of the 6th over - 0 run(s), 0 hit(s), 0 error(s), 0 left on base; Calgary 8 - Spokane 2
TOP OF THE 7TH
Calgary Cowboys batting - Pitching for Spokane Trappers : RHP Dustin Newman
Batting: RHB Dan Wyatt 0-0: Ball
1-0: Ball
2-0: Ball
3-0: Base on Balls
Batting: RHB Jesús Hernández 0-0: Ball
1-0: Sac Bunt - play at first, batter OUT! U3
Dan Wyatt to second
Batting: LHB Freddy Herrera 0-0: Foul Ball, location: 2F
0-1: Ball
1-1: Swinging Strike
1-2: Strikes out looking
Batting: RHB Mario Sánchez 0-0: Ball
1-0: Swinging Strike
1-1: Ball
2-1: Called Strike
2-2: Foul Ball, location: 2F
2-2: Strikes out swinging
Top of the 7th over - 0 run(s), 0 hit(s), 0 error(s), 1 left on base; Calgary 8 - Spokane 2
BOTTOM OF THE 7TH
Spokane Trappers batting - Pitching for Calgary Cowboys : LHP Jim Sheppard
Pitching: RHP Glen Brewer
Batting: RHB Ramiro Ross 0-0: Called Strike
0-1: Ball
1-1: Foul Ball, location: 2F
1-2: Foul Ball, location: 2F
1-2: Ball
2-2: Foul Ball, location: 2F
2-2: Ball
3-2: Ground out 4-3 (Groundball, 13)
Batting: RHB Clyde Kelley 0-0: Called Strike
0-1: Ball
1-1: Ball
2-1: Swinging Strike
2-2: Strikes out looking
Batting: RHB Pedro Rodríguez 0-0: Called Strike
0-1: Ball
1-1: Ball
2-1: Fly out, F6 (Popup, 6MD)
Bottom of the 7th over - 0 run(s), 0 hit(s), 0 error(s), 0 left on base; Calgary 8 - Spokane 2
TOP OF THE 8TH
Calgary Cowboys batting - Pitching for Spokane Trappers : RHP Dustin Newman
Pitching: RHP Marcos Rivera
Batting: RHB Luis Peña 0-0: Swinging Strike
0-1: Swinging Strike
0-2: Foul Ball, location: 2F
0-2: Strikes out swinging
Batting: RHB Jorge Balencia 0-0: Ball
1-0: Foul Ball, location: 2F
1-1: Foul Ball, location: 2F
1-2: Ball
2-2: Foul Ball, location: 2F
2-2: Ball
3-2: Strikes out looking
Batting: LHB Miguel Pérez 0-0: Called Strike
0-1: Swinging Strike
0-2: Foul Ball, location: 2F
0-2: Ball
1-2: Foul Ball, location: 2F
1-2: Ball
2-2: Strikes out swinging
Top of the 8th over - 0 run(s), 0 hit(s), 0 error(s), 0 left on base; Calgary 8 - Spokane 2
BOTTOM OF THE 8TH
Spokane Trappers batting - Pitching for Calgary Cowboys : RHP Glen Brewer
Batting: RHB Tomás Carranza 0-0: Ball
1-0: Swinging Strike
1-1: Ball
2-1: Foul Ball, location: 2F
2-2: Ball
3-2: Base on Balls
Batting: RHB Keith Kirkpatrick 0-0: 2-RUN HOME RUN (Flyball, 9LD), Distance : 348 ft
Batting: RHB Jeremy Carr 0-0: Ball
1-0: Called Strike
1-1: Ball
2-1: SINGLE (Groundball, 6MD) (infield hit)
Batting: SHB Glenn Vadnais 0-0: Called Strike
0-1: SINGLE (Groundball, 34D)
Jeremy Carr to second
Runner from 2nd tries for 3rd, SAFE, no throw or cutoff
Pitching: RHP Mitsunari Jouda
Batting: LHB Héctor Rentería 0-0: Ball
1-0: Foul Ball, location: 2F
1-1: Swinging Strike
1-2: SINGLE (Groundball, 3D)
Jeremy Carr scores
Glenn Vadnais to second
Runner from 2nd tries for 3rd, SAFE, throw made to third
Pitching: RHP Lorenzo Montáñez
Batting: SHB Nick Cox 0-0: Ball
1-0: Foul Ball, location: 2F
1-1: Called Strike
1-2: Ball
2-2: Ball
3-2: 3-RUN HOME RUN (Flyball, 89XD), Distance : 391 ft
Batting: RHB Ramiro Ross 0-0: Ball
1-0: Ball
2-0: Ball
3-0: Base on Balls
Batting: RHB Clyde Kelley 0-0: Bunted foul
0-1: Bunted foul
0-2: Fielders Choice at 2nd, 1-6 (Groundball, 15)
Batting: RHB Pedro Rodríguez 0-0: Swinging Strike
0-1: Called Strike
0-2: Ball
1-2: Ball
Clyde Kelley steals 2nd base
2-2: Foul Ball, location: 2F
2-2: Strikes out looking
Pinch Hitting: LHB Colin Ives 0-0: Ball
1-0: Swinging Strike
1-1: Ball
2-1: Foul Ball, location: 2F
2-2: Strikes out looking
Bottom of the 8th over - 6 run(s), 5 hit(s), 0 error(s), 1 left on base; Calgary 8 - Spokane 8
TOP OF THE 9TH
Calgary Cowboys batting - Pitching for Spokane Trappers : RHP Marcos Rivera
Pitching: LHP Júlio Hernández
Now in CF: Colin Ives
Batting: RHB Clark Hodge 0-0: Ball
1-0: Foul Ball, location: 2F
1-1: Foul Ball, location: 2F
1-2: Foul Ball, location: 2F
1-2: Strikes out looking
Batting: RHB Ramón Martínez 0-0: Foul Ball, location: 2F
0-1: Ball
1-1: Ball
2-1: Called Strike
2-2: Foul Ball, location: 2F
2-2: Strikes out looking
Batting: RHB Dan Wyatt 0-0: Called Strike
0-1: Ball
1-1: Ball
2-1: Called Strike
2-2: Ball
3-2: Base on Balls
Batting: RHB Jesús Hernández 0-0: Fly out, F7 (Flyball, 7M)
Top of the 9th over - 0 run(s), 0 hit(s), 0 error(s), 1 left on base; Calgary 8 - Spokane 8
BOTTOM OF THE 9TH
Spokane Trappers batting - Pitching for Calgary Cowboys : RHP Lorenzo Montáñez
Batting: RHB Keith Kirkpatrick 0-0: Ball
1-0: Ball
2-0: Ball
3-0: Base on Balls
Batting: RHB Jeremy Carr 0-0: Ball
1-0: Ball
2-0: Foul Ball, location: 2F
2-1: Fly out, F3 (Line Drive, 34)
2-1: Lined into DP, U3 (Line Drive, 34)
Batting: SHB Glenn Vadnais 0-0: SOLO HOME RUN (Flyball, 9LD), Distance : 356 ft
Monday, December 5th, 2016 - OOTP Baseball 17.12 Build 75